 Dungeon Crawl Stone Soup version 0.28.0-1-gb440e238dd (webtiles) character file.

Game seed: 2296754363351389107

50 Akaron the Chiller (level 3, -2/21 HPs)
             Began as an Octopode Ice Elementalist on Feb 20, 2022.
             Slain by an ice beast (12 damage)
             ... on level 3 of the Dungeon.
             The game lasted 00:02:53 (1789 turns).

Akaron the Chiller (Octopode Ice Elementalist)      Turns: 1789, Time: 00:02:54

Health: -2/21      AC:  1    Str:  7    XL:     3   Next: 79%
Magic:  6/6        EV: 13    Int: 17    God:
Gold:   103        SH:  0    Dex: 14    Spells: 2/6 levels left

rFire   . . .      SeeInvis .   b - +0 dagger
rCold   . . .      Faith    .   (no shield)
rNeg    . . .      Spirit   .   (helmet restricted)
rPois   .          Reflect  .   (no amulet)
rElec   .          Harm     .   (no ring)
rCorr   .          Rampage  .   (no ring)
Will    .....                   (no ring)
Stlth   +++.......              (no ring)
HPRegen 0.07/turn               (no ring)
MPRegen 0.10/turn               (no ring)
                                (no ring)
                                (no ring)

@: no status effects
A: almost no armour, amphibious, 8 rings, camouflage 1, gelatinous body 1,
(nimble swimmer 1), tentacles
a: no special abilities


You were on level 3 of the Dungeon.
You visited 1 branch of the dungeon, and saw 3 of its levels.

You collected 103 gold pieces.

Inventory:

Hand Weapons
 b - a +0 dagger (weapon)
 d - a +0 long sword
Wands
 j - a wand of digging (5)
Scrolls
 c - 2 scrolls of amnesia {unknown}
 e - a scroll of identify {unknown}
 f - a scroll of fear {unknown}
 g - a scroll of enchant weapon {unknown}
 k - a scroll of teleportation {unknown}
 l - a scroll of magic mapping {unknown}
Potions
 a - a potion of flight {unknown}
 h - 2 potions of attraction {unknown}
 i - 2 potions of curing {unknown}


   Skills:
 + Level 0.1 Fighting
 + Level 0.5 Short Blades
 + Level 2.1 Dodging
 + Level 3.6 Stealth
 + Level 2.3 Spellcasting
 + Level 4.6 Ice Magic


You had 2 spell levels left.
You knew the following spells:

 Your Spells              Type           Power      Damage    Failure   Level
a - Freeze                Ice            68%        1d8       2%          1
b - Frozen Ramparts       Ice            34%        1d5       9%          3

Your spell library contained the following spells:

 Spells                   Type           Power      Damage    Failure   Level
 Ozocubu's Armour         Ice            17%        N/A       9%          3
 Hailstorm                Conj/Ice       9%         3d4       58%         4


Dungeon Overview and Level Annotations

Branches:
Dungeon (3/15)

Altars:


Innate Abilities, Weirdness & Mutations

You cannot wear most types of armour.
You are amphibious.
You can wear up to eight rings at the same time.
Your skin changes colour to match your surroundings (Stealth+).
Your rubbery body absorbs attacks. (AC +1, EV +1)
((You are camouflaged when in or above water. (Stealth+)))
You have tentacles for arms and can constrict up to eight enemies at once.


Message History

The wall freezes the adder.
You kill the adder!
The wall freezes the kobold.
You kill the kobold!
The wall freezes the adder.
You kill the adder!
The wall freezes the orc.
You hit the orc but do no damage. You grab the orc.
You squeeze the orc, but do no damage.
The orc is severely wounded.
You constrict the orc.
The wall freezes the orc.
You kill the orc!
The frozen ramparts melt away as you move.
Things that are here:
a +0 dagger; an orc corpse You see here a +0 short sword.
HP restored.
Things that are here:
a +0 dagger; an orc corpse
i - 2 coppery potions (gained 1)
Found a stone staircase leading down.
There is a stone staircase leading down here.
You open the door.
There is an open door here.
An ice beast comes into view.
You hit the ice beast but do no damage. The ice beast barely misses you.
You barely miss the ice beast. The ice beast barely misses you.
You barely miss the ice beast. The ice beast hits you.
The ice beast freezes you.
You hit the ice beast but do no damage. You squeeze the ice beast.
The ice beast is lightly wounded.
The ice beast closely misses you.
You hit the ice beast but do no damage.
The ice beast is lightly wounded.
You barely miss the ice beast.
You squeeze the ice beast, but do no damage.
The ice beast is lightly wounded.
The ice beast hits you. The ice beast freezes you!
Ouch! That really hurt!
You die...

#.# #.# #.# #.# ###.#
########...#
.........#.#
########.#.#
#..Y@....#.#
#..#####.#.# #..#
#....# #..# #....#
...# #....########.#
##..# #..............
#..# #....########.#
#..# ##'#.# #.#
#..#####.#.########.#


You could see an ice beast.

Vanquished Creatures
  2 adders (D:3)
  An orc (D:3)
  4 bats
  3 endoplasms
  A giant cockroach (D:1)
  3 goblins
  2 hobgoblins (D:2)
  3 jackals
  3 kobolds
  A quokka (D:1)
  2 ball pythons (D:1)
  2 frilled lizards (D:1)
  2 rats
29 creatures vanquished.

Notes
Turn   | Place    | Note
-------+----------+-------------------------------------------
     0 | D:1      | Akaron the Octopode Ice Elementalist began the quest for
                  | the Orb.
     0 | D:1      | Reached XP level 1. HP: 11/11 MP: 3/3
   470 | D:1      | Reached XP level 2. HP: 15/17 MP: 3/5
  1294 | D:2      | Reached XP level 3. HP: 19/21 MP: 6/6
  1298 | D:2      | Learned a level 3 spell: Frozen Ramparts
  1780 | D:3      | Noticed an ice beast
  1789 | D:3      | Slain by an ice beast

Illustrated notes

Levels and vault maps discovered:
D:1:      eino_arrival_cavern_e, layout_loops_ring
D:2:      layout_rooms, minmay_tetromino_s2
D:3:      layout_basic, shapermc_ecumenical_altar_gd

Skill      XL: |  1  2 |
---------------+-------+-----
Stealth        | 3 |  3.6
Fighting       | |  0.1
Short Blades   | |  0.5
Dodging        | |  2.1
Spellcasting   | |  2.3
Ice Magic      | |  4.6

Action                   || total
-------------------------++-------
Melee: Unarmed           ||     5
       Tentacles         ||     9
       Constrict         ||    11
       Dagger            ||    43
 Cast: Freeze            ||    12
       Frozen Ramparts   ||     1
 Stab: Sleeping          ||     9
Armor: Skin              ||    12
Dodge: Dodged            ||    32
